 Dungeon Crawl Stone Soup version 0.28-a0-1629-gf728b707aa (webtiles) character file.

Game seed: 304953626010627375

34 HallandMoats the Skirmisher (level 3, 33/33 HPs)
             Began as a Ghoul Fighter on Jan 24, 2022.
             Was a Believer of Lugonu.
             Safely got out of the dungeon.
             The game lasted 00:00:56 (961 turns).

HallandMoats the Skirmisher (Ghoul Fighter)          Turns: 961, Time: 00:00:57

Health: 33/33      AC:  6    Str: 19    XL:     3   Next: 31%
Magic:  2/2        EV:  9    Int:  5    God:    Lugonu [**....]
Gold:   25         SH:  4    Dex:  8    Spells: 2/2 levels left

rFire   . . .      SeeInvis .   a - +0 trident
rCold   + . .      Faith    .   c - +0 buckler
rNeg    + + +      Spirit   .   b - +0 scale mail
rPois   ∞          Reflect  .   (no helmet)
rElec   .          Harm     .   (no cloak)
rCorr   .          Rampage  .   (no gloves)
Will    .....                   (no boots)
Stlth   ..........              (no amulet)
HPRegen 0.11/turn               (no ring)
MPRegen 0.08/turn               (no ring)

@: no status effects
A: claws 1, cold resistance 1, negative energy resistance 3, inhibited
regeneration, torment resistance 2
a: Renounce Religion, Depart the Abyss, Bend Space


You escaped.
You worshipped Lugonu.
Lugonu was pleased with you.
You visited 1 branch of the dungeon, and saw 1 of its levels.

You collected 25 gold pieces.

Inventory:

Hand Weapons
 a - a +0 trident (weapon)
Armour
 b - a +0 scale mail (worn)
 c - a +0 buckler (worn)
Potions
 d - a potion of might
 e - a potion of curing {unknown}


   Skills:
 * Level 3.7 Fighting
 * Level 2.4 Polearms
 + Level 2.9 Armour
 + Level 0.5 Dodging
 + Level 2.8 Shields


You had 2 spell levels left.
You didn't know any spells.
Your spell library was empty.

Dungeon Overview and Level Annotations

Branches:
Dungeon (1/15)

Altars:
Lugonu


Innate Abilities, Weirdness & Mutations

You thrive by killing the living.
You are immune to poison.
You have sharp fingernails.
Your flesh is cold resistant. (rC+)
You are immune to negative energy. (rN+++)
You do not regenerate when monsters are visible.
You are immune to unholy pain and torment.


Message History

No target in view!
No target in view!
Found a dagger.
Found a faded altar of an unknown god.
A bat comes into view.
The bat barely misses you.
A bat is nearby!
A bat is nearby!
A bat is nearby!
You hit the bat.
The bat is moderately wounded.
The bat misses you.
You closely miss the bat.
The bat is moderately wounded.
The bat closely misses you. The bat misses you.
The bat hits you but does no damage. x2
You miss the bat. The bat barely misses you.
You reach to attack!
You barely miss the bat. You block the bat's attack.
The bat hits you but does no damage.
You closely miss the bat. The bat hits you but does no damage.
You completely miss the bat. The bat barely misses you.
The bat hits you but does no damage.
You barely miss the bat. The bat barely misses you.
You reach to attack!
You hit the bat.
You kill the bat!
No target in view!
No target in view!
No target in view!
No target in view!
There is a faded altar of an unknown god here.
You see here a +0 dagger.
You cannot tell which god this altar belongs to.
Convert to them anyway?
Lugonu accepts your prayer! Lugonu welcomes you!
You can now depart the Abyss.
You can now bend space around yourself.
(D) Dungeon
Where to? (? - help)
What level of the Dungeon? (default 1, ? - help)
There is a staircase leading out of the dungeon here.
Are you sure you want to leave the Dungeon?
This will make you lose the game!
You have escaped!

..+..........†...................
#.#.......................##..#.#
#..##..........##.........##.....
##.##..........##.........###.#..
#......##............##......###
#......##............##......#
#............................#
#............................#
#...##.........@........##...#
##...##........>.........##...#
..............................#
#.............................#
#.......##............##......#
#.......##............##......#
#..............##..........##.###
#.###..........##................
#.# #.......................#....


There were no monsters in sight!

Vanquished Creatures
  2 dart slugs (D:1)
  4 ball pythons (D:1)
  2 endoplasms (D:1)
  A goblin (D:1)
  6 hobgoblins (D:1)
  2 kobolds (D:1)
  A quokka (D:1)
  2 bats (D:1)
  4 frilled lizards (D:1)
  3 rats (D:1)
27 creatures vanquished.

Notes
Turn   | Place    | Note
-------+----------+-------------------------------------------
     0 | D:1      | HallandMoats the Ghoul Fighter began the quest for the Orb.
     0 | D:1      | Reached XP level 1. HP: 19/19 MP: 0/0
    72 | D:1      | Reached XP level 2. HP: 18/26 MP: 1/1
   549 | D:1      | Reached XP level 3. HP: 27/31 MP: 2/2
   886 | D:1      | Found a faded altar of an unknown god.
   912 | D:1      | Prayed at the altar of an unknown god.
   912 | D:1      | Became a worshipper of Lugonu the Unformed
   912 | D:1      | Reached * piety under Lugonu
   912 | D:1      | Reached ** piety under Lugonu
   961 | D:$      | Safely got out of the dungeon.

Illustrated notes

Levels and vault maps discovered:
D:1:      dpeg_arrival_stonehenge_8_columns, layout_basic,
          ebering_ecumenical_altar_sacrificial

Skill      XL: |  1 |
---------------+----+-----
Polearms       | 2 |  2.4
Fighting       | |  3.7
Armour         | |  2.9
Dodging        | |  0.5
Shields        | |  2.8

Action                   || total
-------------------------++-------
Melee: Trident           ||    70
Armor: Scale mail        ||    19
Dodge: Dodged            ||    24
Block: Buckler           ||     8

Table legend: (Time is in decaauts)
 A = Elapsed time spent in this place.
 B = Non-inter-level travel time spent in this place.
 C = Inter-level travel time spent in this place.
 D = Time resting spent in this place.
 E = Time spent auto-exploring this place.
 F = Levels seen in this place.
 G = Mean time per level.
                   A        B        C        D        E       F      G
               +--------+--------+--------+--------+--------+-----+--------+
         Total |    976 |    929 |     47 |      0 |    766 |   1 |  976.0 |
       Dungeon |    976 |    929 |     47 |      0 |    766 |   1 |  976.0 |
               +--------+--------+--------+--------+--------+-----+--------+

Top non-repeatable levels by time:
     D:1: 976 daAuts
